 Dungeon Crawl Stone Soup version 0.18.1-48-g4cf74bf (webtiles) character file.

205884 attakcplan the Executioner (level 19, 0/174 HPs)
             Began as a Hill Orc Fighter on July 26, 2016.
             Was the Champion of Okawaru.
             Killed from afar by a ghostly deep elf annihilator (42 damage)
             ... with a crystal spear
             ... on level 3 of the Elven Halls on July 27, 2016.
             The game lasted 03:26:58 (33328 turns).

attakcplan the Executioner (Hill Orc Fighter)      Turns: 33328, Time: 03:26:58

Health: 0/174      AC: 31    Str: 40      XL:     19   Next: 13%
Magic:  17/22      EV: 15    Int:  1 (5)  God:    Okawaru [******]
Gold:   2042       SH: 21    Dex: 10      Spells: 0 memorised, 18 levels left

rFire  + . .     SeeInvis .     W - +9 war axe (vamp)
rCold  . . .     Gourm    .     p - +6 plate armour of Ashuhac {rF+ rN+}
rNeg   + . .     Faith    .     c - +1 shield
rPois  +         Spirit   .     (no helmet)
rElec  .         Dismiss  .     q - +0 cloak
rCorr  .         Reflect  +     u - +0 pair of gloves of Fashionability {rPois MR++ Str+4 Int-3}
SustAt .         Harm     .     d - +2 pair of boots
MR     +++..                    A - +3 amulet of reflection
Stlth  ..........               P - +3 ring of strength
                                Q - +6 ring of strength

@: about to teleport, heroism, heavily drained, extremely resistant to hostile
enchantments, extremely unstealthy
A: no striking features
a: Heroism, Finesse, Renounce Religion


You were on level 3 of the Elven Halls.
You worshipped Okawaru.
Okawaru was exalted by your worship.
You were not hungry.

You visited 5 branches of the dungeon, and saw 32 of its levels.
You also visited: Labyrinth, Ossuary and Ice Cave.

You collected 3669 gold pieces.
You spent 1627 gold pieces at shops.

Inventory:

Hand Weapons
 n - a +2 war axe of holy wrath
 W - a +9 vampiric war axe (weapon)
 Z - the +9 battleaxe "Hiuph" {venom, +Inv +Fly MR+ Stlth+}
   (Okawaru gifted it to you on level 1 of the Elven Halls)

   It poisons the flesh of those it strikes.
   It affects your resistance to hostile enchantments.
   It lets you turn invisible.
   It lets you fly.
   It makes you more stealthy.
Armour
 c - a +1 shield (worn)
 d - a +2 pair of boots (worn)
 p - the +6 plate armour of Ashuhac (worn) {rF+ rN+}
   (You bought it in a shop on level 2 of the Orcish Mines)

   It protects you from fire.
   It protects you from negative energy.
 q - a +0 cloak (worn)
 r - a +3 ice dragon armour
 u - the +0 pair of gloves of Fashionability (worn) {rPois MR++ Str+4 Int-3}
   (You bought it in a shop on level 6 of the Dungeon)

   It affects your strength (+4).
   It affects your intelligence (-3).
   It protects you from poison.
   It affects your resistance to hostile enchantments.
 x - a +2 plate armour of cold resistance
Jewellery
 y - the amulet "Qock" {Spirit -Tele rF+ Int+4 Dex+3}
   (You found it on level 8 of the Lair of Beasts)

   [amulet of guardian spirit]

   It causes incoming damage to be split between your health and magic.
   It affects your intelligence (+4).
   It affects your dexterity (+3).
   It protects you from fire.
   It prevents most forms of teleportation.
 A - a +3 amulet of reflection (around neck)
 P - a +3 ring of strength (right hand)
 Q - a +6 ring of strength (left hand)
Wands
 b - a wand of polymorph (10/24)
 m - a wand of digging (3/24)
 t - a wand of slowing (13/48)
 H - a wand of flame (21/48)
 O - a wand of paralysis (7/24)
 X - a wand of flame (19/48)
Scrolls
 e - 15 scrolls of identify
 h - 5 scrolls of recharging
 i - 6 scrolls of fog
 o - 15 scrolls of remove curse
 s - 5 scrolls of enchant weapon
 z - 3 scrolls of enchant armour
 G - 9 scrolls of amnesia
 I - a scroll of holy word
 L - 4 scrolls of teleportation
 M - a scroll of fear
 V - 5 scrolls of magic mapping
Potions
 a - a potion of might
 g - a potion of cancellation
 j - 5 potions of agility
 k - 3 potions of curing
 l - 7 potions of brilliance
 w - 4 potions of flight
 B - a potion of resistance {unknown}
 F - 7 potions of heal wounds
 R - 2 potions of haste
 S - 2 potions of magic
Books
 f - a book of Annihilations

   Spells                             Type                      Level
   a - Poison Arrow                   Conjuration/Poison           6
   b - Chain Lightning                Conjuration/Air              8
   c - Lehudib's Crystal Spear        Conjuration/Earth            8
   d - Glaciate                       Conjuration/Ice              9
   e - Fire Storm                     Conjuration/Fire             9
 v - a book of Unlife

   Spells                             Type                      Level
   a - Recall                         Summoning/Translocation      3
   b - Animate Dead                   Necromancy                   4
   c - Control Undead                 Necromancy                   4
   d - Cigotuvi's Embrace             Necromancy                   5
   e - Death Channel                  Necromancy                   6
   f - Simulacrum                     Ice/Necromancy               6
Miscellaneous
 E - a box of beasts
Comestibles
 C - 9 beef jerkies
 D - 4 slices of pizza
 J - 2 royal jellies
 K - 6 bread rations
 U - 6 meat rations


   Skills:
 + Level 16.9(19.4) Fighting
 + Level 22.9(24.3) Axes
 + Level 14.3(16.9) Armour
 * Level 11.9(14.7) Dodging
 - Level 1.1(4.4) Stealth
 + Level 15.5(18.1) Shields
 + Level 4.0(2.4) Invocations
 - Level 1.8(0.3) Evocations


You had 18 spell levels left.
You didn't know any spells.

Dungeon Overview and Level Annotations

Branches:
Dungeon (15/15)            Temple (0/1) D:7            Lair (8/8) D:8
 Shoals (0/4) Lair:3       Spider (4/4) Lair:5        Slime (0/6) Lair:8
    Orc (2/2) D:12            Elf (3/3) Orc:2        Vaults (0/5) D:14
 Depths (0/5) D:15

Altars:
Ashenzari
Cheibriados
Dithmenos
Fedhas
Gozag
Kikubaaqudgha
Makhleb
Nemelex Xobeh
Okawaru
Qazlal
Sif Muna
Vehumet
Xom
Yredelemnul

Shops:
D:4 :   D:6 [   D:8 %   D:12 (   D:15 }(   Orc:1 }   Orc:2 !}*[(

Portals:
Hell: Lair:8
Pandemonium: Orc:2

Annotations:
D:10 exclusion: ice statue
D:15 exclusion: Roxanne, Roxanne


Message History

The deep elf death mage beckons forth a restless soul!
You closely miss the ghostly deep elf annihilator.
The ghostly deep elf annihilator is lightly damaged.
You slice the ice beast!!
You kill the ice beast!
You hit the small abomination but do no damage.
The small abomination is severely damaged.
You slice the lost soul!!
You destroy the lost soul!
You block the small abomination's attack.
The deep elf mage gestures wildly while chanting.
The deep elf death mage casts a spell at you.
The bolt of negative energy hits you! You partially resist.
You feel drained.
* * * LOW HITPOINT WARNING * * *
As you read the scroll of teleportation, it crumbles to dust.
You feel strangely unstable.
The small abomination barely misses you.
The ghostly deep elf annihilator points at you and mumbles some strange words.
The crystal spear hits you!
You die...

##.## #.# #)#
#)# #[# #)#
######)######
#sse≈≈e≈≈...#
##see≈≈@≈≈...##
.ree4≈≈x≈≈.....
##r44≈≈e≈≈...#.
######.######
e.. ... ..⌠..
..e.. §......


You could see a deep elf annihilator, a ghostly deep elf annihilator, 2 deep elf
death magi, a demonic crawler, a deep elf archer, 2 rust devils, 4 deep elf
magi, a sixfirhy, 2 redbacks, a small abomination and 2 hell rats.

Vanquished Creatures
  Arachne (Spider:2)
  A deep elf blademaster (Elf:3)
  3 emperor scorpions
  A deep elf sorcerer (Elf:3)
  A ghoul (D:14)
  3 deep elf elementalists (Elf:3)
  A juggernaut skeleton (D:15)
  A stone giant (Orc:2)
  The ghost of trantor the Fencer, a journeyman HESk of Okawaru (D:15)
  2 deep elf demonologists (Elf:3)
  A deep elf annihilator (Elf:3)
  3 deep elf death magi
  A fire dragon (D:14)
  A vault guard (D:14)
  A minotaur (Lab)
  Josephine (Orc:2)
  The ghost of ayyllmao the Basher, a journeyman MiBe of Trog (Lair:3)
  An entropy weaver (Spider:4)
  A deep elf high priest (Elf:1)
  Fannar (D:12)
  8 hydras
  Harold (D:12)
  2 death knights (D:14)
  4 centaur warriors
  29 dancing weapons
  A large abomination (Elf:3)
  A queen ant (Lair:7)
  A tengu warrior (D:15)
  2 death yaks (Lair:8)
  5 orc high priests (Orc:2)
  2 sun demons
  14 deep elf knights
  Nergalle (Lair:4)
  4 skeletal warriors
  A gelid demonspawn (Orc:2)
  A flayed ghost (D:15)
  3 unseen horrors
  5 hill giants
  5 orc knights
  A torturous demonspawn (Orc:2)
  11 deep elf archers
  A wizard (Lair:8)
  A wolf spider zombie (D:14)
  A necromancer (D:15)
  Pikel (D:8)
  A sphinx zombie (D:15)
  A phantasmal warrior (D:14)
  10 wolf spiders
  9 orb spiders
  7 orc sorcerers
  4 cyclopes
  6 hornets
  26 ugly things
  60 deep elf magi
  6 manticores
  5 centaur zombies
  Maurice (D:9)
  An elephant (Lair:4)
  2 griffons
  Psyche (D:12)
  4 moths of wrath
  A smoke demon (Lair:8)
  2 black mambas
  A guardian serpent (shapeshifter) (Elf:2)
  2 torpor snails
  8 gargoyles
  6 spiny frogs
  3 orange demons
  2 freezing wraiths (D:14)
  A rime drake (Lair:3)
  4 centaur skeletons
  A small abomination (Elf:3)
  10 komodo dragons
  8 demonic crawlers
  4 ice devils
  A redback zombie (D:14)
  A tengu conjurer (D:14)
  An efreet (D:14)
  A hellwing (Lair:8)
  A guardian mummy (D:15)
  6 polar bears
  A queen bee (shapeshifter) (Elf:1)
  3 two-headed ogres
  15 jumping spiders
  3 red devils (Lair:8)
  5 trolls
  23 blink frogs
  A boulder beetle (Spider:2)
  2 raiju (shapeshifter)
  5 slime creatures
  A deep troll zombie (D:15)
  A centaur simulacrum (D:14)
  An ettin skeleton (D:15)
  A redback (shapeshifter) (D:15)
  5 shadows
  3 wyverns
  An air elemental (Elf:1)
  13 tarantellas
  A vampire (D:13)
  45 redbacks
  6 water elementals
  10 wraiths
  69 yaks
  6 hippogriffs
  3 fire elementals
  A golden eye (shapeshifter) (D:14)
  A steam dragon (D:12)
  6 basilisks
  The ghost of Maffolandro the Conjurer, an amateur FeWz (D:4)
  A neqoxec (Orc:2)
  10 vampire mosquitoes
  10 hungry ghosts
  4 wargs
  A chaos spawn (Orc:2)
  2 insubstantial wisps (Lair:8)
  21 soldier ants
  2 hell hounds (Lair:8)
  30 orc warriors
  33 water moccasins
  3 sky beasts
  12 porcupines
  A black bear (D:12)
  3 ice beasts
  4 slaves (D:8)
  21 wolves
  An eye of draining (D:13)
  5 phantoms
  A necrophage (D:7)
  10 ogres
  12 centaurs
  21 crocodiles
  An elf zombie (D:15)
  A big kobold (D:8)
  A gnoll sergeant (Orc:2)
  20 giant frogs
  2 earth elementals
  3 wyvern zombies
  A wyvern skeleton (D:12)
  4 scorpions
  A troll zombie (D:15)
  15 wights
  11 killer bees
  5 electric eels
  6 howler monkeys
  4 lava snakes (Lab)
  A giant frog zombie (D:8)
  4 jellies
  3 crimson imps
  A quasit (D:8)
  8 human zombies
  18 orc priests
  11 hounds
  4 giant frog skeletons
  9 iguanas
  3 hell rats
  19 orc wizards
  29 worker ants
  24 sheep
  2 big kobold zombies (Ossuary)
  A hound zombie (D:6)
  2 hound skeletons
  4 mummies
  2 worker ant zombies
  23 adders
  3 gnolls (Orc:2)
  82 river rats
  A howler monkey skeleton (D:10)
  4 shadow imps
  12 white imps (Lair:1)
  2 oozes
  An adder zombie (D:8)
  3 adder skeletons
  A worm (D:4)
  2 dart slugs
  7 giant geckos
  77 orcs
  3 giant cockroaches
  A gnoll zombie (Ossuary)
  6 goblins
  7 hobgoblins
  14 jackals
  3 quokkas
  3 ball pythons
  7 bats
  2 giant gecko skeletons (D:6)
  2 giant newts
  4 goblin zombies (Ossuary)
  3 hobgoblin zombies (Ossuary)
  A jackal skeleton (D:4)
  9 kobolds
  3 orc zombies (Ossuary)
  17 rats
  A butterfly (Lair:6)
  2 crawling corpses (Orc:2)
  6 fungi
  A plant (Lair:4)
1315 creatures vanquished.

Vanquished Creatures (others)
  A deep elf elementalist (Elf:3)
  A deep elf high priest (Elf:3)
  Sonja (Lair:3)
  A deep elf knight (Elf:3)
  A deep elf archer (Elf:2)
  A manticore (D:11)
  A water elemental (Elf:2)
  An orc priest (Orc:2)
  An orc (D:12)
  8 fungi
  10 plants
  4 withered plants (D:15)
31 creatures vanquished.

Grand Total: 1346 creatures vanquished

Notes
Turn   | Place    | Note
--------------------------------------------------------------
     0 | D:1      | attakcplan the Hill Orc Fighter began the quest for the Orb.
     0 | D:1      | Reached XP level 1. HP: 19/19 MP: 1/1
   278 | D:1      | Reached XP level 2. HP: 27/27 MP: 2/2
   694 | D:2      | Reached skill level 3 in Axes
   916 | D:2      | Reached XP level 3. HP: 32/33 MP: 3/3
  1174 | D:2      | Found an iron altar of Okawaru.
  1200 | D:2      | Reached skill level 1 in Dodging
  1207 | D:2      | Became a worshipper of Warmaster Okawaru
  1330 | D:2      | Reached XP level 4. HP: 40/40 MP: 4/4
  1537 | D:3      | Found a sparkling altar of Nemelex Xobeh.
  1843 | D:3      | Reached skill level 4 in Axes
  2002 | D:3      | Found a basalt altar of Yredelemnul.
  2277 | D:4      | Reached XP level 5. HP: 46/46 MP: 5/5
  2340 | D:4      | Noticed an ogre
  2346 | D:4      | Killed an ogre
  2346 | D:4      | Reached * piety under Okawaru
  2346 | D:4      | Reached skill level 5 in Axes
  2415 | D:4      | Noticed Maffolandro's ghost (amateur FeWz)
  2433 | D:4      | Killed Maffolandro's ghost
  2433 | D:4      | Reached XP level 6. HP: 41/52 MP: 6/6
  2507 | D:4      | Reached skill level 6 in Axes
  2750 | D:4      | Found Guntis's Book Boutique.
  2754 | D:4      | Found a shadowy altar of Dithmenos.
  3005 | D:4      | Found an ancient bone altar of Kikubaaqudgha.
  3149 | D:5      | Entered Level 5 of the Dungeon
  3216 | D:5      | Reached ** piety under Okawaru
  3216 | D:5      | Reached skill level 1 in Evocations
  3216 | D:5      | Reached XP level 7. HP: 49/59 MP: 7/7
  3524 | D:5      | Found a snail-covered altar of Cheibriados.
  3674 | D:5      | You fall through a shaft for 2 floors!
  3806 | D:6      | Found Vaiziu's Armour Shop.
  3818 | D:6      | Bought the +0 pair of gloves of Fashionability {rPois MR++ Str+4 Int-3} for 340 gold pieces
  3918 | D:6      | Reached skill level 7 in Axes
  4024 | D:6      | Reached XP level 8. HP: 50/67 MP: 8/8
  4041 | D:6      | Reached skill level 5 in Armour
  4114 | D:6      | Reached skill level 5 in Shields
  4362 | D:6      | Found a sand-covered staircase.
  4377 | Ossuary  | Entered an ossuary
  4390 | Ossuary  | Reached skill level 5 in Fighting
  4949 | D:7      | Found a blossoming altar of Fedhas.
  5006 | D:7      | Reached skill level 8 in Axes
  5145 | D:7      | Reached *** piety under Okawaru
  5152 | D:7      | Reached skill level 1 in Stealth
  5199 | D:7      | Found a staircase to the Ecumenical Temple.
  5231 | D:7      | Found an opulent altar of Gozag.
  5305 | D:7      | Found a stormy altar of Qazlal.
  5519 | D:8      | Reached XP level 9. HP: 73/77 MP: 9/9
  5655 | D:8      | Found a staircase to the Lair.
  5659 | D:8      | Reached skill level 9 in Axes
  6150 | D:8      | Found a deep blue altar of Sif Muna.
  6407 | D:8      | Found Henir's Food Boutique.
  6428 | D:8      | Bought a beef jerky for 18 gold pieces
  6428 | D:8      | Bought a slice of pizza for 18 gold pieces
  6428 | D:8      | Bought a beef jerky for 18 gold pieces
  6434 | D:8      | Noticed Pikel
  6505 | D:8      | Killed Pikel
  6505 | D:8      | Reached **** piety under Okawaru
  6585 | D:8      | Found a blossoming altar of Fedhas.
  6589 | D:8      | Reached skill level 10 in Axes
  6757 | D:9      | Reached XP level 10. HP: 85/85 MP: 10/10
  7000 | D:9      | Received a gift from Okawaru
  7000 | D:9      | Reached skill level 5 in Dodging
  7063 | D:9      | Found a shattered altar of Ashenzari.
  7239 | D:9      | Noticed Maurice
  7255 | D:9      | Killed Maurice
  7324 | D:9      | Reached ***** piety under Okawaru
  7497 | D:9      | Found a radiant altar of Vehumet.
  7592 | D:9      | Gained mutation: You are clumsy. (Dex -2) [mutagenic meat]
  7593 | D:9      | Gained mutation: You are dopey. (Int -2) [mutagenic meat]
  7594 | D:9      | Gained mutation: Your flesh is cold resistant. [mutagenic meat]
  7595 | D:9      | Gained mutation: You tend to lose your temper in combat. [mutagenic meat]
  7596 | D:9      | Gained mutation: You often lose your temper in combat. [mutagenic meat]
  7597 | D:9      | Gained mutation: You are partially covered in icy blue scales (AC +1). [mutagenic meat]
  7617 | D:10     | Entered Level 10 of the Dungeon
  7729 | D:10     | Reached skill level 11 in Axes
  7871 | D:10     | Killed an unseen horror
  8001 | D:10     | Reached XP level 11. HP: 74/94 MP: 11/11
  8069 | D:10     | Noticed a brown ugly thing
  8088 | D:10     | Killed a brown ugly thing
  8275 | D:10     | Gained mutation: You have sharp fingernails. [potion of mutation]
  8275 | D:10     | Gained mutation: Armour fits poorly on your strangely shaped body. [potion of mutation]
  8348 | D:11     | Noticed a cyclops
  8348 | D:11     | Noticed a brown ugly thing
  8363 | D:10     | Killed a cyclops
  8363 | D:10     | Received a gift from Okawaru
  8394 | D:11     | Killed a brown ugly thing
  8407 | D:11     | Lost mutation: You often lose your temper in combat. [mutagenic meat]
  8408 | D:11     | Lost mutation: You are dopey. (Int -2) [mutagenic meat]
  8444 | D:11     | Found a shimmering altar of Xom.
  8466 | D:11     | Reached skill level 12 in Axes
  9017 | D:11     | Noticed a manticore
  9029 | D:11     | Killed a manticore
  9217 | D:11     | Noticed an eight-headed hydra
  9372 | D:11     | Noticed a red ugly thing
  9535 | Lair:1   | Entered Level 1 of the Lair of Beasts
  9683 | Lair:1   | Reached skill level 10 in Shields
 10018 | Lair:1   | Reached skill level 13 in Axes
 10093 | Lair:1   | Found a frozen archway.
 10140 | IceCv    | Entered an ice cave
 10601 | Lair:2   | Reached XP level 12. HP: 87/105 MP: 13/13
 10989 | Lair:2   | Received a gift from Okawaru
 10989 | Lair:2   | Reached skill level 10 in Fighting
 11483 | Lair:2   | Reached skill level 1 in Invocations
 11627 | Lair:2   | Reached skill level 14 in Axes
 11717 | Lair:2   | HP: 2/108 [komodo dragon (23)]
 12336 | Lair:3   | Found a staircase to the Shoals.
 12734 | Lair:3   | Noticed ayyllmao's ghost (journeyman MiBe)
 12776 | Lair:3   | Killed ayyllmao's ghost
 12776 | Lair:3   | Reached skill level 10 in Armour
 12827 | Lair:3   | Noticed Sonja
 12840 | Lair:3   | Killed Sonja
 13446 | Lair:1   | Reached skill level 15 in Axes
 13451 | Lair:1   | Reached XP level 13. HP: 108/116 MP: 12/14
 13967 | D:12     | Noticed Harold
 13968 | D:12     | Received a gift from Okawaru
 13987 | D:12     | Killed Harold
 14557 | D:12     | Found a radiant altar of Vehumet.
 14623 | D:12     | Noticed Psyche
 14632 | D:12     | Killed Psyche
 14632 | D:12     | Reached ****** piety under Okawaru
 14644 | D:12     | Noticed Fannar
 14657 | D:12     | Killed Fannar
 14693 | D:12     | Reached skill level 16 in Axes
 14741 | D:12     | Found a staircase to the Orcish Mines.
 14745 | D:12     | Found Fecliuc's Weapon Emporium.
 15459 | D:13     | Identified a scroll of acquirement
 15509 | D:13     | Gained mutation: You are occasionally teleported next to monsters. [mutagenic meat]
 15512 | D:13     | Gained mutation: Your spells are a little easier to cast, but a little less powerful. [mutagenic meat]
 15679 | D:13     | Received a gift from Okawaru
 15680 | D:13     | Got a brightly glowing glaive {god gift}
 15697 | D:13     | Identified the +1 glaive of the Pits of Slime {chop, rN++ Str+3} (Okawaru gifted it to you on level 13 of the Dungeon)
 16230 | Orc:1    | Entered Level 1 of the Orcish Mines
 16289 | Orc:1    | Found Sent's Gadget Shop.
 16559 | Orc:2    | Entered Level 2 of the Orcish Mines
 16598 | Orc:2    | Found a labyrinth entrance.
 16599 | Orc:2    | Found a staircase to the Elven Halls.
 16603 | Orc:2    | Noticed Josephine
 16607 | Orc:2    | Reached XP level 14. HP: 83/127 MP: 12/15
 16613 | Orc:2    | Noticed a stone giant
 16616 | Orc:2    | Killed Josephine
 16617 | Orc:2    | Received a gift from Okawaru
 16896 | Orc:2    | Killed a stone giant
 16896 | Orc:2    | Reached skill level 17 in Axes
 16934 | Lab      | Entered a labyrinth
 18966 | Lab      | Identified Thaumaturgy Continued
 19008 | Orc:2    | Found Zoock's Antique Weapon Shop.
 19154 | Orc:2    | Found Itoluk's General Store.
 19160 | Orc:2    | Found Fimuc's Distillery.
 19191 | Orc:2    | Gained mutation: Your spells are easier to cast, but less powerful. [a neqoxec]
 19257 | Orc:2    | Bought the +6 plate armour of Ashuhac {rF+ rN+} for 1068 gold pieces
 19259 | Orc:2    | Bought a potion of curing for 45 gold pieces
 19259 | Orc:2    | Bought a potion of heal wounds for 75 gold pieces
 19259 | Orc:2    | Bought a potion of curing for 45 gold pieces
 19790 | Orc:2    | Found Sodepog's Gadget Boutique.
 19790 | Orc:2    | Found Foskyrhi's Antique Armour Shop.
 19790 | Orc:2    | Found a one-way gate leading to the halls of Pandemonium.
 20055 | Elf:1    | Entered Level 1 of the Elven Halls
 20095 | Elf:1    | Received a gift from Okawaru
 20099 | Elf:1    | Reached skill level 18 in Axes
 20099 | Elf:1    | Reached XP level 15. HP: 135/136 MP: 17/17
 20431 | Lair:4   | Noticed Nergalle
 20440 | Lair:4   | Killed Nergalle
 20995 | Lair:5   | Found a hole to the Spider Nest.
 23359 | Lair:7   | Received a gift from Okawaru
 23911 | Lair:8   | Entered Level 8 of the Lair of Beasts
 24130 | Lair:7   | Reached skill level 19 in Axes
 24208 | Lair:8   | Found a staircase to the Slime Pits.
 24355 | Lair:8   | Received a gift from Okawaru
 24576 | Lair:8   | Found a burning altar of Makhleb.
 24609 | Lair:8   | Reached XP level 16. HP: 102/147 MP: 18/18
 24614 | Lair:8   | Found a gateway to Hell.
 24625 | Lair:8   | Got a slimy zirconium amulet
 24627 | Lair:8   | Identified the amulet "Qock" {Spirit -Tele rF+ Int+4 Dex+3} (You found it on level 8 of the Lair of Beasts)
 25196 | Spider:1 | Entered Level 1 of the Spider Nest
 26400 | Spider:2 | Noticed Arachne
 26418 | Spider:2 | Killed Arachne
 26568 | Spider:2 | Received a gift from Okawaru
 26568 | Spider:2 | Reached skill level 10 in Dodging
 26757 | Spider:2 | Lost mutation: Your spells are easier to cast, but less powerful. [potion of cure mutation]
 26757 | Spider:2 | Lost mutation: You are clumsy. (Dex -2) [potion of cure mutation]
 26757 | Spider:2 | Lost mutation: Your flesh is cold resistant. [potion of cure mutation]
 26757 | Spider:2 | Lost mutation: You are partially covered in icy blue scales (AC +1). [potion of cure mutation]
 27172 | Spider:3 | Reached skill level 20 in Axes
 27239 | Spider:3 | Lost mutation: Your spells are a little easier to cast, but a little less powerful. [potion of cure mutation]
 27239 | Spider:3 | Lost mutation: Armour fits poorly on your strangely shaped body. [potion of cure mutation]
 27239 | Spider:3 | Lost mutation: You are occasionally teleported next to monsters. [potion of cure mutation]
 27239 | Spider:3 | Lost mutation: You tend to lose your temper in combat. [potion of cure mutation]
 27239 | Spider:3 | Lost mutation: You have sharp fingernails. [potion of cure mutation]
 27560 | Spider:4 | Entered Level 4 of the Spider Nest
 27650 | Spider:4 | Received a gift from Okawaru
 28474 | D:14     | Reached XP level 17. HP: 154/154 MP: 19/19
 28513 | D:14     | Reached skill level 15 in Fighting
 29052 | D:14     | Reached skill level 21 in Axes
 29103 | D:14     | Found a gate to the Vaults.
 29228 | D:15     | Entered Level 15 of the Dungeon
 29472 | D:15     | Found a basalt altar of Yredelemnul.
 29696 | D:15     | Received a gift from Okawaru
 29718 | D:15     | Noticed trantor's ghost (journeyman HESk)
 29720 | D:15     | Found a staircase to the Depths.
 29733 | D:15     | Killed trantor's ghost
 29764 | D:15     | Noticed Roxanne
 29830 | D:15     | Found a basalt altar of Yredelemnul.
 29874 | D:15     | Found Meoqoff's Gadget Shop.
 29902 | D:15     | Found Metappoc's Weapon Shoppe.
 29968 | D:15     | HP: 2/156 [Roxanne/iron shot (44)]
 31317 | Elf:1    | Received a gift from Okawaru
 31318 | Elf:1    | Got a slimy battleaxe {god gift}
 31324 | Elf:1    | Identified the +9 battleaxe "Hiuph" {venom, +Inv +Fly MR+ Stlth+} (Okawaru gifted it to you on level 1 of the Elven Halls)
 31414 | Elf:1    | Reached XP level 18. HP: 157/166 MP: 20/20
 31906 | Elf:2    | Found a runed gate.
 31906 | Elf:2    | Found a runed gate.
 31906 | Elf:2    | Found a runed gate.
 31951 | Elf:2    | Reached skill level 15 in Shields
 31964 | Elf:2    | Reached skill level 22 in Axes
 32370 | Elf:2    | Received a gift from Okawaru
 32701 | Elf:3    | Entered Level 3 of the Elven Halls
 33262 | Elf:3    | Received a gift from Okawaru
 33265 | Elf:3    | Reached XP level 19. HP: 174/174 MP: 21/21
 33328 | Elf:3    | Killed from afar by a ghostly deep elf annihilator

Skill      XL: |  1  2  3  4  5  6  7  8  9 10 11 12 13 14 15 16 17 18 19 |
---------------+----------------------------------------------------------+-----
Fighting       | 4 6 7 8 9 11 12 13 14 15 16 | 16.9
Axes           | 3 4 5 6 7 8 10 11 13 15 16 18 19 20 21 22 | 22.9
Dodging        | 1 2 3 4 5 6 7 8 9 10 11 | 11.9
Armour         | 4 5 7 8 10 12 13 14 | 14.3
Shields        | 4 5 7 8 10 11 12 14 15 | 15.5
Evocations     | 1 |  1.8
Stealth        | 1 |  1.1
Invocations    | 1 2 3 4 |  4.0

Action                   |  1- 3 |  4- 6 |  7- 9 | 10-12 | 13-15 | 16-18 | 19-21 || total
-------------------------+-------+-------+-------+-------+-------+-------+-------++-------
Melee: War axe           |   141 |   152 |   404 |   106 |  1323 |  1305 |    52 ||  3483
       Hand axe          |       |       |       |  1018 |    43 |   149 |       ||  1210
       Battleaxe         |       |       |       |       |       |     4 |       ||     4
Invok: Heroism           |       |     1 |     2 |    19 |    17 |    13 |     2 ||    54
       Finesse           |       |       |       |     1 |     2 |     1 |     1 ||     5
 Abil: Stop Flying       |     1 |       |       |       |       |       |       ||     1
Evoke: Wand              |       |    11 |       |    21 |    10 |     3 |       ||    45
  Use: Potion            |       |     5 |     1 |     6 |       |    13 |       ||    25
       Scroll            |       |    10 |       |     2 |    15 |     9 |     1 ||    37
 Stab: Held in net/web   |       |       |       |       |     1 |       |       ||     1
       Distracted        |       |       |       |       |       |     1 |       ||     1
  Eat: Chunk             |     2 |     5 |     3 |    28 |    27 |     7 |       ||    72
       Royal jelly       |       |     1 |       |       |     1 |     1 |       ||     3
       Meat ration       |       |       |     1 |     1 |     1 |       |       ||     3
       Bread ration      |       |       |     1 |     1 |     1 |       |       ||     3
       Fruit             |       |       |       |    11 |    13 |    25 |       ||    49
       Beef jerky        |       |       |       |       |     1 |     3 |     1 ||     5
       Pizza             |       |       |       |       |     1 |       |       ||     1
Armor: Scale mail        |    58 |    80 |   128 |   167 |       |       |       ||   433
       Plate armour      |       |       |       |    59 |   470 |   494 |     6 ||  1029
       Ice dragon armour |       |       |       |       |       |     6 |       ||     6
Dodge: Dodged            |    43 |    57 |   128 |   268 |   371 |   437 |    12 ||  1316
Block: Shield            |    78 |    81 |   207 |   654 |   974 |  1023 |    28 ||  3045
       Reflection        |       |       |       |    13 |    24 |    34 |     4 ||    75
